 Seeded DCSS version 0.30-a0-4-ga7cffc901d (webtiles) character file.

Game seed: 20220821 (custom seed)

4 purpskrrrp the Trooper (level 1, -2/19 HPs)
             Began as a Palentonga Abyssal Knight on Aug 21, 2022.
             Was a Believer of Jiyva.
             Slain by a ynoxinul (6 damage)
             ... on level 1 of the Abyss.
             The game lasted 00:01:18 (376 turns).

purpskrrrp the Trooper (Palentonga Abyssal Knight)   Turns: 376, Time: 00:01:19

Health: -2/19      AC:  4    Str: 18    XL:     1   Next: 50%
Magic:  2/2        EV:  9    Int: 10    God:    Jiyva [**....]
Gold:   9          SH:  0    Dex: 10    Spells: 0/0 levels left

rFire   . . .      SeeInvis +    a - +1 falchion
rCold   . . .      Faith    .    (no shield)
rNeg    . . .      Spirit   .    b - +0 leather armour
rPois   .          Reflect  .    (no helmet)
rElec   .          Harm     .    (no cloak)
rCorr   +          Rampage  .    (no gloves)
Will    .....                    (no barding)
Stlth   +.........               (no amulet)
HPRegen 1.02/turn                (no ring)
MPRegen 0.38/turn                (no ring)

@: no status effects
A: large, rugged brown scales 3, see invisible, deformed body, roll 1, armoured
tail
a: Rolling Charge, Renounce Religion


You were on level 1 of the Abyss.
You worshipped Jiyva.
Jiyva was pleased with you.
You visited 1 branch of the dungeon, and saw 1 of its levels.
You visited the Abyss 2 times.

You collected 9 gold pieces.

Inventory:

Hand Weapons
 a - a +1 falchion (weapon)
Armour
 b - a +0 leather armour (worn)
Scrolls
 c - a scroll of vulnerability {unknown}


   Skills:
 + Level 3.0 Fighting
 + Level 2.0 Long Blades
 + Level 1.6 Armour
 + Level 0.9 Dodging
 + Level 2.1 Invocations


You couldn't memorise any spells.
You didn't know any spells.
Your spell library was empty.

Dungeon Overview and Level Annotations

Branches:
Dungeon (1/15)

Altars:
Jiyva


Innate Abilities, Weirdness & Mutations

You are completely covered in rugged brown scales. (AC +3, +7% HP)
You have supernaturally acute eyesight. (SInv)
Armour fits poorly on your strangely shaped body.
You can roll at nearby foes to attack.
You have a long armoured tail.


Message History

You are too confused!
You are too confused!
You are too confused!
You are too confused!
You are too confused!
Are you sure you want to stumble around while confused and next to the endoplasm?
This could place you under penance!
Okay, then.
Are you sure you want to stumble around while confused and next to the endoplasm?
This could place you under penance!
You are cast into the Abyss!
To return, you must find a gate leading back.
Killing monsters will force the Abyss to allow you passage.
This branch contains the abyssal rune of Zot.
You feel less confused.
You open the door.
There is an open door here.
Jiyva is now protecting you from corrosive effects.
A large abomination comes into view.
You enter the shallow water.
Moving in this stuff is going to be slow.
A ynoxinul comes into view.
The ynoxinul bellows!
Why would you want to do that?
The ynoxinul gestures.
The ynoxinul hits you but does no damage.
The ynoxinul gestures.
The ufetubus splashes around in the water.
The ufetubus hits you but does no damage.
You miss the ufetubus.
The ufetubus hits you but does no damage.
The ufetubus barely misses you. The ynoxinul barely misses you.
You slash the ufetubus!
You kill the ufetubus!
The ufetubus disappears in a puff of smoke!
The ufetubus barely misses you. The ufetubus hits you. The ynoxinul hits you.
The ufetubus hits you.
The ufetubus hits you but does no damage.
The ufetubus barely misses you. The ufetubus hits you.
* * * LOW HITPOINT WARNING * * *
The ynoxinul hits you.
You die...

..#.#...#..#######.#
. ~ ~~..#......#
#.... ≈~~≈~.#.##...#
. ...#
~♣~≈~....#..### ##..
#. ≈♣~≈#.....# #
#~≈≈≈♣..#..# .
..#≈5~~.# ##
#....#53~~#... #.#.#
#@5~≈~.# #
#..§#~≈~~≈..#
~..#.#...#......
..## #....##......
.#..## ##.#.. #..###
.# ... . ...


You could see a ynoxinul and 3 ufetubi.

Vanquished Creatures
  A dart slug (D:1)
  A frilled lizard (D:1)
  A rat (D:1)
3 creatures vanquished.

Vanquished Creatures (others)
  A kobold (D:1)
  A plant (D:1)
2 creatures vanquished.

Grand Total: 5 creatures vanquished

Notes
Turn   | Place    | Note
-------+----------+-------------------------------------------
     0 | Abyss:1  | purpskrrrp the Palentonga Abyssal Knight began the quest
                  | for the Orb.
     0 | Abyss:1  | Reached XP level 1. HP: 19/19 MP: 2/2
     0 | D:1      | Escaped the Abyss
   118 | D:1      | Found a faded altar of an unknown god.
   162 | D:1      | Prayed at the altar of an unknown god.
   162 | D:1      | Fell from the grace of Lugonu
   162 | D:1      | Became a worshipper of Jiyva Jyamagil the Shapeless
   162 | D:1      | Reached * piety under Jiyva
   270 | D:1      | Noticed a thrashing horror
   270 | Abyss:1  | Cast into level 1 of the Abyss (Lugonu's touch)
   312 | Abyss:1  | Reached ** piety under Jiyva
   333 | Abyss:1  | Noticed a large abomination
   368 | Abyss:1  | Noticed a ynoxinul
   376 | Abyss:1  | Slain by a ynoxinul

Illustrated notes

Levels and vault maps discovered:
D:1:      minmay_arrival_doors, layout_basic,
          shapermc_ecumenical_altar_flowoftime
Abyss:1:  base: Temple, base: Temple, base:
Temple

Action                   || total
-------------------------++-------
Melee: Falchion          ||    19
       Tailslap          ||     4
Invok: Depart the Abyss  ||     1
Armor: Leather armour    ||     7
Dodge: Dodged            ||     9

Table legend: (Time is in decaauts)
 A = Elapsed time spent in this place.
 B = Non-inter-level travel time spent in this place.
 C = Inter-level travel time spent in this place.
 D = Time resting spent in this place.
 E = Time spent auto-exploring this place.
 F = Levels seen in this place.
 G = Mean time per level.
                   A        B        C        D        E       F      G
               +--------+--------+--------+--------+--------+-----+--------+
         Total |    382 |    382 |      0 |      0 |    266 |   3 |  127.3 |
       Dungeon |    273 |    273 |      0 |      0 |    213 |   1 |  273.0 |
         Abyss |    109 |    109 |      0 |      0 |     53 |   2 |   54.5 |
               +--------+--------+--------+--------+--------+-----+--------+

Top non-repeatable levels by time:
     D:1: 273 daAuts
 Abyss:1: 109 daAuts
